 Dungeon Crawl Stone Soup version 0.30-a0-897-ga2f19c967e (webtiles) character file.

Game seed: 16434874513902231740

94 CrazyBamboolord the Insei (level 4, -7/32 HPs)
             Began as a Merfolk Transmuter on Mar 18, 2023.
             Killed by divine providence
             ... invoked by an orc priest
              (10 damage)
             ... on level 3 of the Dungeon.
             The game lasted 00:04:39 (2437 turns).

CrazyBamboolord the Insei (Merfolk Transmuter)      Turns: 2437, Time: 00:04:40

Health: -7/32      AC:  3    Str:  9    XL:     4   Next: 63%
Magic:  8/8        EV: 13    Int: 13    God:
Gold:   174        SH:  0    Dex: 18    Spells: 2/8 levels left

rFire   . . .      SeeInvis .      - Unarmed
rCold   . . .      Faith    .    (no shield)
rNeg    . . .      Spirit   .    a - +0 robe
rPois   .          Reflect  .    (no helmet)
rElec   .          Rampage  .    (no cloak)
rCorr   .          Rnd*Tele +    d - +0 pair of gloves
Will    .....                    (no boots)
Stlth   ++                       r - amulet of magic regeneration
HPRegen 0.25/turn                (no ring)
MPRegen 0.51/turn                (no ring)

@: no status effects
A: (nimble swimmer 2), mertail, agile 1, deterioration 1, teleportitis 1, no
potion heal 1
a: no special abilities


You were on level 3 of the Dungeon.
You visited 1 branch of the dungeon, and saw 3 of its levels.

You collected 174 gold pieces.

Inventory:

Armour
 a - a +0 robe (worn)
 d - a +0 pair of gloves (worn)
Jewellery
 r - an amulet of magic regeneration (around neck)
Scrolls
 i - a scroll of immolation {unknown}
 k - a scroll of poison {unknown}
 l - a scroll of fear {unknown}
 m - a scroll of enchant armour {unknown}
 o - a scroll of enchant weapon {unknown}
 p - a scroll of identify {unknown}
 q - a scroll of teleportation
Potions
 b - 3 potions of lignification
 f - a potion of berserk rage {unknown}
 h - a potion of curing {unknown}
 j - a potion of degeneration {unknown}


   Skills:
 * Level 1.6 Fighting
 * Level 3.0 Dodging
 + Level 0.8 Stealth
 * Level 4.3 Unarmed Combat
 * Level 2.8 Spellcasting
 * Level 3.3 Transmutations
 * Level 0.5 Poison Magic


You had 2 spell levels left.
You knew the following spells:

 Your Spells              Type           Power      Damage    Failure   Level
a - Beastly Appendage     Tmut           20%        N/A       6%          1
b - Wereblood             Tmut           10%        N/A       9%          2
c - Spider Form           Tmut/Pois      6%         N/A       32%         3

Your spell library contained the following spells:

 Spells                   Type           Power      Damage    Failure   Level
 Slow                     Hex            4%         N/A       24%         1
 Confusing Touch          Hex            1%         N/A       56%         3
 Vampiric Draining        Necr           1%         2d6       56%         3
 Ice Form                 Ice/Tmut       6%         N/A       75%         4
 Freezing Cloud           Conj/Ice/Air   0%         6-21      100%        5
 Simulacrum               Ice/Necr       0%         N/A       100%        6
 Polar Vortex             Ice            0%         N/A       100%        9


Dungeon Overview and Level Annotations

Branches:
Dungeon (3/15)

Altars:
Ashenzari

Annotations:
D:3 1 runed translucent door, Mlamla's ghost, weakling DgFE; Sigmund


Innate Abilities, Weirdness & Mutations

((You are very nimble when in or above water. (Stealth+, EV+, Speed+++)))
Your lower body shifts to a powerful aquatic tail in water.
You are agile. (Dex +4, Str/Int -1)
Your body sometimes deteriorates upon taking damage.
You are occasionally teleported next to monsters.
Potions are less effective at restoring your health.


Message History

Casting: Beastly Appendage (safe; 5% risk of failure)
Confirm with . or Enter, or press ? or * to list all spells.
Your blood is infused with primal strength.
The orc shouts!
You hear a shout!
The orc priest shouts!
An orc priest comes into view. It is wielding a +0 short sword.
You hear a shout!
Casting: Beastly Appendage (safe; 5% risk of failure)
Press: ? - help, Q - select action, (/) - cycle Dir - look around, f - activate You grow a pair of large bovine horns.
Unknown command.
A hobgoblin comes into view.
The orc priest mumbles some strange prayers to Beogh against you.
Beogh smites you!
You hit the orc priest.
The orc priest is moderately wounded.
The orc priest calls down the wrath of Beogh upon you.
Beogh smites you!
* * * LOW HITPOINT WARNING * * *
You hit the orc priest.
The orc priest is heavily wounded.
An orc comes into view. It is wielding a +0 flail.
The orc priest hits you with a +0 dagger.
* * * LOW HITPOINT WARNING * * *
It was a potion of cancellation.
Your magical effects are unravelling.
You feel magically purged.
Your horns disappear.
Your primal bloodlust has ended.
The orc shouts!
The orc priest closely misses you.
An orc comes into view. It is wielding a +0 short sword.
It was a potion of mutation.
You feel extremely strange.
You feel weirdly uncertain.
You feel yourself wasting away.
Your system partially rejects the healing effects of potions.
You feel agile.
The orc priest looks braver for a moment.
As you read the scroll of fog, it crumbles to dust.
The scroll dissolves into smoke.
The orc priest mumbles some strange prayers to Beogh against you.
Beogh smites you!
You die...

## ##########.
#..........
#.########. #.#
#. #.# ###.
########.# #.#.
#ยงยงยง...#.#
#... #@###.##.#
#.#. #o# #....#
#.#. #o#
####.######.#.
#o#
...........#[
.g.
..)......>##.
.o.
..<.(...#....
...
###.###.#.##.
.o... ...#
#.#....
..#######.#.###


You could see an orc priest and an orc.

Vanquished Creatures
  3 adders
  2 dart slugs
  3 orcs (D:3)
  6 ball pythons
  6 endoplasms
  3 giant cockroaches
  A goblin (D:1)
  3 hobgoblins
  10 jackals
  2 quokkas
  4 bats
  4 frilled lizards
  5 kobolds
  4 rats
56 creatures vanquished.

Notes
Turn   | Place    | Note
-------+----------+-------------------------------------------
     0 | D:1      | CrazyBamboolord the Merfolk Transmuter began the quest for
                  | the Orb.
     0 | D:1      | Reached XP level 1. HP: 15/15 MP: 3/3
   185 | D:1      | Reached XP level 2. HP: 21/21 MP: 3/5
   434 | D:1      | Reached skill level 4 in Unarmed Combat
   488 | D:1      | Reached XP level 3. HP: 26/26 MP: 4/6
   495 | D:1      | Learned a level 2 spell: Wereblood
   499 | D:1      | Learned a level 3 spell: Spider Form
  1186 | D:2      | Found a broken altar of Ashenzari.
  1656 | D:2      | Found a faded altar of an unknown god.
  1789 | D:3      | Reached XP level 4. HP: 24/32 MP: 7/7
  2022 | D:3      | Found a runed translucent door.
  2026 | D:3      | Noticed Sigmund
  2143 | D:3      | Noticed Mlamla's ghost (weakling DgFE)
  2436 | D:3      | Gained mutation: You are occasionally teleported next to
                  | monsters. [potion of mutation]
  2436 | D:3      | Gained mutation: Your body sometimes deteriorates upon
                  | taking damage. [potion of mutation]
  2436 | D:3      | Gained mutation: Potions are less effective at restoring
                  | your health. [potion of mutation]
  2436 | D:3      | Gained mutation: You are agile. (Dex +4, Str/Int -1)
                  | [potion of mutation]
  2437 | D:3      | Killed from afar by an orc priest

Illustrated notes

Levels and vault maps discovered:
D:1:      matt_arrival_diagonals, layout_basic, corexii_leaking_fountain,
          nrook_mini_vaults, corexii_hall_statues_t, serial_bayou_pond_e
D:2:      layout_basic, hellmonk_ecumenical_altar_inner_sanctum, basic_altar
D:3:      layout_basic, ebering_ghost_sewer_d, uniq_sigmund

Skill      XL: |  1  2  3 |
---------------+----------+-----
Unarmed Combat | 4 |  4.3
Transmutations | 3 |  3.3
Dodging        | 3 |  3.0
Fighting       | |  1.6
Stealth        | |  0.8
Spellcasting   | |  2.8
Poison Magic   | |  0.5

Action                     |  1- 3 |  4- 6 || total
---------------------------+-------+-------++-------
  Melee: Unarmed           |   102 |    41 ||   143
         Headbutt          |    12 |     3 ||    15
         Punch             |     1 |     1 ||     2
   Cast: Beastly Appendage |    26 |    12 ||    38
         Wereblood         |       |     2 ||     2
  Evoke: Wand              |       |     2 ||     2
    Use: Scroll            |     1 |     2 ||     3
         Potion            |       |     2 ||     2
   Stab: Sleeping          |       |     1 ||     1
 Armour: Robe              |    24 |     3 ||    27
  Dodge: Dodged            |    69 |    30 ||    99

Table legend: (Time is in decaauts)
 A = Elapsed time spent in this place.
 B = Non-inter-level travel time spent in this place.
 C = Inter-level travel time spent in this place.
 D = Time resting spent in this place.
 E = Time spent auto-exploring this place.
 F = Levels seen in this place.
 G = Mean time per level.
                   A        B        C        D        E       F      G
               +--------+--------+--------+--------+--------+-----+--------+
         Total |   2424 |   2279 |    145 |     41 |   1803 |   3 |  808.0 |
       Dungeon |   2424 |   2279 |    145 |     41 |   1803 |   3 |  808.0 |
               +--------+--------+--------+--------+--------+-----+--------+

Top non-repeatable levels by time:
     D:2: 1013 daAuts
     D:1: 799 daAuts
     D:3: 611 daAuts
